 Dungeon Sprint DCSS version 0.24-a0-250-g6074511092 (webtiles) character file.

Game seed: 13838359963239839528

321 Redear the Covert (level 6, -4/37 HPs)
             Began as a Felid Fighter on Apr 15, 2019.
             Was an Initiate of Cheibriados.
             Slain by Snorg (18 damage)
             ... in the Dungeon (Sprint III: "The Ten Rune Challenge").
             The game lasted 00:04:12 (956 turns).

Redear the Covert (Felid Fighter)                    Turns: 956, Time: 00:04:12

Health: -4/37      AC:  3    Str: 13    XL:     6   Next: 22%
Magic:  7/7        EV: 28    Int: 12    God:    Cheibriados [......]
Gold:   32         SH:  0    Dex: 17    Spells: 4/5 levels left
                                        Lives:  0   Deaths: 2

rFire    . . .     SeeInvis +     - Unarmed
rCold    . . .     Gourm    .   (shield unavailable)
rNeg     . . .     Faith    .   (armour unavailable)
rPois    .         Spirit   .   (helmet unavailable)
rElec    +         Reflect  .   (cloak unavailable)
rCorr    .         Harm     .   (gloves unavailable)
MR       .....     NoTele   +   (boots unavailable)
Stlth    ++++++....             (no amulet)
HPRegen  0.12/turn              (no ring)
MPRegen  0.10/turn              (no ring)

@: slow
A: very small, no armour, no weapons or thrown items, stealth, antennae 1, claws
1, fangs 3, rugged brown scales 1, see invisible, carnivore, speed 1, shaggy fur
2, electricity resistance, slow metabolism 1, sharp paws
a: Bend Time, Renounce Religion


You were in the Dungeon.
You worshipped Cheibriados.
Cheibriados was noncommittal.
You were not hungry.

You visited 1 branch You collected 32 gold pieces.

Inventory:

Scrolls
 b - 5 scrolls of identify
 e - 2 scrolls of torment {unknown}
 h - a scroll of enchant weapon {unknown}
 k - a scroll of holy word {unknown}
 l - a scroll of remove curse {unknown}
 B - a scroll of blinking {@r4}
Potions
 a - a potion of might {Str+5 DMG+1d10 | @q3}
 d - 2 potions of heal wounds {@q1}
 f - 2 potions of magic
 g - 2 potions of berserk rage
 j - a potion of flight {unknown}
 H - a potion of haste {@q5}
Miscellaneous
 c - a phantom mirror
Comestibles
 z - 4 rations


   Skills:
 + Level 9.7 Fighting
 + Level 12.2 Dodging
 + Level 12.5 Stealth
 + Level 10.0 Unarmed Combat
 + Level 0.0 Invocations


You had 4 spell levels left.
You knew the following spells:

 Your Spells              Type           Power        Failure   Level  Hunger
q - Confusing Touch       Hex            #.....       32%         1    ##.....

Your spell library contained the following spells:

 Spells                   Type           Power        Failure   Level  Hunger
 Animate Skeleton         Necr           N/A          32%         1    ##.....
 Apportation              Tloc           #.....       32%         1    ##.....
 Summon Small Mammal      Summ           #...         32%         1    ##.....


Dungeon Overview and Level Annotations

Branches:
Dungeon (1/1)

Altars:
Cheibriados
Dithmenos
Elyvilon
Fedhas
Gozag
Hepliaklqana
Kikubaaqudgha
Makhleb
Nemelex Xobeh
Okawaru
Qazlal
Ru
Sif Muna
Trog
Uskayaw
Vehumet
Wu Jian
Xom
Yredelemnul
Zin
The Shining One
Beogh
Jiyva
Lugonu

Annotations:
D Snorg


Innate Abilities, Weirdness & Mutations

You cannot wear armour.
You are incapable of wielding weapons or throwing items.
Your paws allow you to move quietly. (Stealth)
You have sharp claws.
You have razor-sharp teeth.
You have supernaturally acute eyesight. (SInv)
You are carnivorous and can eat meat at any time.
You cover ground quickly.
You are covered in thick fur. (AC +2)
You have a slow metabolism.
Your sharp claws are effective at attacking unaware monsters.
You have a pair of small antennae on your head.
You are partially covered in rugged brown scales. (AC +1, +3% HP)
You are resistant to electric shocks. (rElec)


Message History

You now have 7/7 mp.
Snorg barely misses you. Snorg completely misses you. Snorg misses you.
Unknown command.
You barely miss Snorg.
Snorg is lightly wounded.
Snorg completely misses you. Snorg misses you. Snorg completely misses you.
You claw Snorg!
Snorg is lightly wounded.
Snorg bites you!!
Ouch! That really hurt!
Snorg completely misses you. x2
You take 24 damage, and have 13/37 hp.
MASSIVE DAMAGE!!
Unknown command.
You scratch Snorg.
Snorg is lightly wounded.
Snorg completely misses you. x4; Snorg misses you.
Snorg completely misses you.
You claw Snorg! You bite Snorg.
Snorg is moderately wounded.
Snorg barely misses you. Snorg claws you!!
You die...

▓▓▓ # ##.############
#####..#___#___#__#
.#..#..#...#__)#._#
.#..#..###)#'###'##
.##'#..#..........#
.###...'.⌠......@.#
####...#...######T#
###....#.⌠.#__#.†.#+#####
##.÷...#...#__#.T.#..§§≈+
#......#'###__#...#.#§§§#
.#.....#.))#__#...'.#§§§#
###....#___#__'...#.#§T§#
▓▓▓▓▓▓▓▓▓▓▓▓▓▓▓▓▓▓▓▓▓▓▓ {
{


You could see Snorg (berserk).

Vanquished Creatures
  A deep elf mage (D)
  A shadow (D)
  A spatial vortex (D)
  A necrophage (D)
  A water elemental (D)
  A jelly (D)
  A wizard (D)
  A necromancer (D)
  3 humans (D)
  A kobold demonologist (D)
  An ooze (D)
  A phantom (D)
  3 rats (D)
17 creatures vanquished.

Vanquished Creatures (others)
  2 draconian scorchers (D)
  6 hellions (D)
  2 yaktaurs (D)
10 creatures vanquished.

Grand Total: 27 creatures vanquished

Notes
Turn   | Place    | Note
-------+----------+-------------------------------------------
     0 | D        | Redear the Felid Fighter began the quest for the Orb.
     0 | D        | Reached XP level 1. HP: 10/10 MP: 2/2
    11 | D        | Reached skill level 2 in Stealth
   115 | D        | Killed a hellion
   135 | D        | Killed a hellion
   145 | D        | Killed a yaktaur
   147 | D        | Killed a hellion
   148 | D        | Killed a hellion
   188 | D        | Killed a hellion
   191 | D        | Killed a white draconian scorcher
   229 | D        | Reached XP level 2. HP: 12/15 MP: 3/3
   235 | D        | HP: 1/15 [human (7)]
   245 | D        | HP: 1/15 [human (7)]
   246 | D        | Reached skill level 4 in Fighting
   246 | D        | Reached skill level 5 in Dodging
   246 | D        | Reached skill level 4 in Stealth
   246 | D        | Reached skill level 5 in Unarmed Combat
   246 | D        | Reached XP level 3. HP: 2/18 MP: 4/4
   254 | D        | Killed a white draconian scorcher
   259 | D        | Killed a hellion
   487 | D        | Gained mutation: Your body sometimes deteriorates upon
                  | taking damage. [potion of mutation]
   487 | D        | Gained mutation: Potions are less effective at restoring
                  | your health. [potion of mutation]
   487 | D        | Gained mutation: Your system is resistant to poisons.
                  | (rPois) [potion of mutation]
   488 | D        | Lost mutation: Your system is resistant to poisons. (rPois)
                  | [potion of mutation]
   488 | D        | Lost mutation: Your body sometimes deteriorates upon taking
                  | damage. [potion of mutation]
   488 | D        | Lost mutation: Potions are less effective at restoring your
                  | health. [potion of mutation]
   488 | D        | Gained mutation: You are weak. (Str -2) [potion of
                  | mutation]
   488 | D        | Gained mutation: You are somewhat resistant to further
                  | mutation. [potion of mutation]
   489 | D        | Lost mutation: You are weak. (Str -2) [potion of mutation]
   489 | D        | Lost mutation: You are somewhat resistant to further
                  | mutation. [potion of mutation]
   489 | D        | Gained mutation: Potions are less effective at restoring
                  | your health. [potion of mutation]
   489 | D        | Gained mutation: Your spells are a little harder to cast,
                  | but a little more powerful. [potion of mutation]
   489 | D        | Gained mutation: You are robust. (+10% HP) [potion of
                  | mutation]
   490 | D        | Lost mutation: Potions are less effective at restoring your
                  | health. [potion of mutation]
   490 | D        | Lost mutation: You are robust. (+10% HP) [potion of
                  | mutation]
   490 | D        | Lost mutation: Your spells are a little harder to cast, but
                  | a little more powerful. [potion of mutation]
   490 | D        | Gained mutation: You are weak. (Str -2) [potion of
                  | mutation]
   490 | D        | Gained mutation: Your mind is acute. (Int +2) [potion of
                  | mutation]
   491 | D        | Lost mutation: Your mind is acute. (Int +2) [potion of
                  | mutation]
   491 | D        | Lost mutation: You are weak. (Str -2) [potion of mutation]
   491 | D        | Gained mutation: You have a pair of small antennae on your
                  | head. [potion of mutation]
   491 | D        | Gained mutation: You are partially covered in rugged brown
                  | scales. (AC +1, +3% HP) [potion of mutation]
   491 | D        | Gained mutation: You are resistant to electric shocks.
                  | (rElec) [potion of mutation]
   516 | D        | Noticed a water elemental
   518 | D        | HP: 1/18 [water elemental (17)]
   520 | D        | Killed a water elemental
   520 | D        | Reached skill level 5 in Fighting
   520 | D        | Reached skill level 6 in Dodging
   520 | D        | Reached skill level 5 in Stealth
   520 | D        | Reached XP level 4. HP: 1/23 MP: 5/5
   524 | D        | Found a glowing silver altar of Zin.
   525 | D        | Found a glowing golden altar of the Shining One.
   525 | D        | Found a white marble altar of Elyvilon.
   525 | D        | Noticed a deep elf mage
   532 | D        | Killed a deep elf mage
   532 | D        | Reached skill level 8 in Fighting
   532 | D        | Reached skill level 10 in Dodging
   532 | D        | Reached skill level 10 in Stealth
   532 | D        | Reached skill level 8 in Unarmed Combat
   532 | D        | Reached XP level 5. HP: 2/29 MP: 6/6
   532 | D        | Gained mutation: You are covered in thick fur. (AC +2)
                  | [Felid growth]
   532 | D        | Reached XP level 6. HP: 3/33 MP: 7/7
   538 | D        | Found a hide-covered altar of Uskayaw.
   538 | D        | Found a roughly hewn altar of Beogh.
   538 | D        | Found an iron altar of Okawaru.
   538 | D        | Found a bloodstained altar of Trog.
   538 | D        | Found an ornate altar of the Wu Jian Council.
   538 | D        | Noticed a human
   538 | D        | Noticed a human
   541 | D        | Killed a human
   541 | D        | Reached skill level 11 in Stealth
   541 | D        | Reached XP level 7. HP: 4/38 MP: 8/8
   542 | D        | Killed a human
   542 | D        | Reached skill level 11 in Dodging
   542 | D        | Reached skill level 9 in Unarmed Combat
   552 | D        | Found a basalt altar of Yredelemnul.
   552 | D        | Found a shadowy altar of Dithmenos.
   552 | D        | Found a sacrificial altar of Ru.
   554 | D        | Reached skill level 9 in Fighting
   568 | D        | Found a radiant altar of Vehumet.
   568 | D        | Found a deep blue altar of Sif Muna.
   568 | D        | Found an ancient bone altar of Kikubaaqudgha.
   748 | D        | Killed a yaktaur
   788 | D        | Noticed a shadow
   796 | D        | Reached skill level 12 in Stealth
   874 | D        | Killed a shadow
   874 | D        | Reached skill level 12 in Dodging
   874 | D        | Reached XP level 8. HP: 36/43 MP: 9/9
   881 | D        | Found a blossoming altar of Fedhas.
   881 | D        | Found a stormy altar of Qazlal.
   884 | D        | Learned a level 1 spell: Confusing Touch
   884 | D        | Found a snail-covered altar of Cheibriados.
   884 | D        | Found a burning altar of Makhleb.
   884 | D        | Found a hazy altar of Hepliaklqana.
   884 | D        | Found a shimmering altar of Xom.
   884 | D        | Found an opulent altar of Gozag.
   884 | D        | Found a sparkling altar of Nemelex Xobeh.
   884 | D        | Found a corrupted altar of Lugonu.
   884 | D        | Found a viscous altar of Jiyva.
   887 | D        | Reached skill level 10 in Unarmed Combat
   892 | D        | Became a worshipper of Cheibriados the Contemplative
   933 | D        | Noticed Snorg
   941 | D        | Slain by Snorg
   942 | D        | Reached XP level 7. HP: -1/40 MP: 8/8
   950 | D        | Mangled by Snorg
   951 | D        | Reached XP level 6. HP: -13/37 MP: 7/7
   956 | D        | Slain by Snorg

Levels and vault maps discovered:
D:        dungeon_sprint_mu [sprint_mu_entry_cave, sprint_mu_temple_rooms,
          sprint_mu_d1_horrors, sprint_mu_d2_genie, sprint_mu_d3_branching,
          sprint_mu_orc_legion, sprint_mu_elf_gauntlet, sprint_mu_hive_nellie,
          sprint_mu_lair_fedhas, sprint_mu_vaults_butterflies,
          sprint_mu_slime_circle, sprint_mu_swamp_cave, sprint_mu_shoals_kraken,
          sprint_mu_blade_basic, sprint_mu_crypt_fortress,
          sprint_mu_tomb_spiral, sprint_mu_vestibule_basic,
          sprint_mu_gehenna_hellfire, sprint_mu_dis_giant,
          sprint_mu_tartarus_statrot, sprint_mu_cocytus_islands, sprint_mu_zot1]

Skill      XL: |  1  2  3  4  5  6  7  8 |
---------------+-------------------------+-----
Stealth        | 2 4 5 10 11 12 | 12.5
Fighting       | 4 5 8 9 |  9.7
Dodging        | 5 6 10 12 | 12.2
Unarmed Combat | 5 8 9 10 | 10.0

Action                   |  1- 3 |  4- 6 |  7- 9 || total
-------------------------+-------+-------+-------++-------
Melee: Unarmed           |    29 |     8 |    22 ||    59
       Bite              |     2 |     1 |       ||     3
  Use: Potion            |     7 |       |     2 ||     9
 Stab: Sleeping          |     2 |     1 |     6 ||     9
  Eat: Chunk             |       |       |     3 ||     3
Armor: Skin              |       |       |     1 ||     1
Dodge: Dodged            |    16 |    16 |    33 ||    65

Table legend:
 A = Non-vault XP
 B = Vault XP
 C = Vault XP percentage of total XP
 D = Non-vault monster count
 E = Vault monster count
 F = Vault count percentage of total count
                 A         B        C        D         E       F
            +---------+---------+-------+---------+---------+-------
      Total |       0 |    1737 | 100.0 |       0 |      17 | 100.0
            +---------+---------+-------+---------+---------+-------
          D |       0 |    1737 | 100.0 |       0 |      17 | 100.0
            +---------+---------+-------+---------+---------+-------
